 Seeded DCSS version 0.25-a0-507-gf66f01b (webtiles) character file.

Game seed: 457764358574563435, levelgen mode: deterministic

14 Crocosaw the Shield-Bearer (level 2, 22/24 HPs)
             Began as a Formicid Fighter on Feb 15, 2020.
             Quit the game on level 1 of the Dungeon.
             The game lasted 00:00:53 (112 turns).

Crocosaw the Shield-Bearer (Formicid Fighter)        Turns: 112, Time: 00:00:54

Health: 22/24      AC:  6    Str: 20    XL:     2   Next: 60%
Magic:  0/0        EV:  8    Int:  7    God:
Gold:   52         SH:  9    Dex: 10    Spells: 1/1 levels left

rFire    + . .     SeeInvis +   e - +2 hand axe (antimagic)
rCold    . . .     Gourm    .   c - +0 kite shield
rNeg     . . .     Faith    .   b - +0 scale mail
rPois    .         Spirit   .   (helmet unavailable)
rElec    .         Reflect  .   (no cloak)
rCorr    .         Harm     .   (no gloves)
MR       .....                  (no boots)
Stlth    ..........             (no amulet)
HPRegen  0.08/turn              (no ring)
MPRegen  0.07/turn              (no ring)

@: no status effects
A: permanent stasis, dig shafts and tunnels, four strong arms, antennae 3, fire
resistance 1, low mp 1, wild magic 1, MP-powered wands
a: Dig, Shaft Self


You were on level 1 of the Dungeon.
You were not hungry.

You visited 1 branch of the dungeon, and saw 1 of its levels.

You collected 52 gold pieces.

Inventory:

Hand Weapons
 a - a +0 war axe
 e - a +2 antimagic hand axe (weapon)
Armour
 b - a +0 scale mail (worn)
 c - a +0 kite shield (worn)
Scrolls
 i - a scroll of immolation {unknown}
 j - a scroll of enchant weapon {unknown}
Potions
 d - a potion of might
 g - a potion of ambrosia {unknown}
 h - a potion of brilliance {unknown}
Comestibles
 f - 3 rations
 k - 3 chunks of flesh


   Skills:
 + Level 3.6 Fighting
 + Level 2.1 Axes
 + Level 3.5 Armour
 + Level 3.9 Shields


You had one spell level left.
You didn't know any spells.
Your spell library was empty.

Dungeon Overview and Level Annotations

Branches:
Dungeon (1/15)

Altars:


Innate Abilities, Weirdness & Mutations

You cannot be hasted, slowed, berserked, paralysed or teleported.
You can dig through walls and to a lower floor.
Your four strong arms can wield two-handed weapons with a shield.
You have a pair of large antennae on your head. (SInv)
Your flesh is heat resistant. (rF+)
Your magical capacity is low. (-10% MP)
Your spells are a little harder to cast, but a little more powerful.
You expend magic power (3 MP) to strengthen your wands.


Message History

The jackal is heavily wounded.
The jackal barely misses you.
You hit the jackal.
You kill the jackal!
You now have 52 gold pieces (gained 7).
You see here a bat corpse.
You see here a dart slug corpse.
You butcher the dart slug corpse.
k - 2 chunks of flesh You see here a bat corpse.
You butcher the bat corpse.
k - 3 chunks of flesh (gained 1)
You see here a bat skeleton.
Found a purple potion.
l - a purple potion It was a potion of mutation.
You feel extremely strange.
You feel less energetic.
You feel resistant to heat.
You feel your magical essence link to the dungeon's wands.
You feel less in control of your magic.
Are you sure you want to abandon this character and quit the game? (Confirm with "yes".) ## ..⌠... #. .... #.#♣♣ ...P #.#.♣ P.P

#.#.♣ ♣.♣♣♣♣#####
#.#.# ♣♣.♣♣.##...##
###.#.###..........#.
#..........##........
#.##@PP..P......÷....
#P..♣..P.P##.......
#P.♣.♣♣♣P...##...##
##.P.PP♣.♣.......#
#.#..P♣♣♣..######
#.##.. ♣..# #.# #.♣
♣P.# #.# #P ...#


There were no monsters in sight!

Vanquished Creatures
  An ooze (D:1)
  A dart slug (D:1)
  A bat (D:1)
  4 jackals (D:1)
7 creatures vanquished.

Notes
Turn   | Place    | Note
-------+----------+-------------------------------------------
     0 | D:1      | Crocosaw the Formicid Fighter began the quest for the Orb.
     0 | D:1      | Reached XP level 1. HP: 18/18 MP: 1/1
    67 | D:1      | Reached XP level 2. HP: 20/24 MP: 0/2
   111 | D:1      | Gained mutation: Your magical capacity is low. (-10% MP)
                  | [potion of mutation]
   111 | D:1      | Gained mutation: Your flesh is heat resistant. (rF+)
                  | [potion of mutation]
   111 | D:1      | Gained mutation: You expend magic power (3 MP) to
                  | strengthen your wands. [potion of mutation]
   111 | D:1      | Gained mutation: Your spells are a little harder to cast,
                  | but a little more powerful. [potion of mutation]
   112 | D:1      | Quit the game

Levels and vault maps discovered:
D:1:      giann_forest_graveyard, layout_loops_cross, serial_forest,
          infiniplex_forest_straight_2, infiniplex_forest_fountain,
          infiniplex_forest_lined_3, infiniplex_forest_lined_3_way,
          infiniplex_forest_clump_curved, infiniplex_forest_zigzag_1,
          infiniplex_forest_straight_4, infiniplex_forest_zigzag_1,
          chequers_serial_rivers_large_b

Action                   || total
-------------------------++-------
Melee: Hand axe          ||    16
  Use: Potion            ||     1
Armor: Scale mail        ||    10
Dodge: Dodged            ||     6
Block: Kite shield       ||     7

Table legend:
 A = Non-vault XP
 B = Vault XP
 C = Vault XP percentage of total XP
 D = Non-vault monster count
 E = Vault monster count
 F = Vault count percentage of total count
                 A         B        C        D         E       F
            +---------+---------+-------+---------+---------+-------
      Total |      21 |       0 |   0.0 |       7 |       0 |   0.0
            +---------+---------+-------+---------+---------+-------
        D:1 |      21 |       0 |   0.0 |       7 |       0 |   0.0
            +---------+---------+-------+---------+---------+-------
